Map: Ever Dream LE

Players

demuLarva - Winner!

  • Race: Terran Terran
  • League: Grandmaster
  • Spawn Location: 1:00

JEROS

  • Race: Terran Terran
  • League: Grandmaster
  • Spawn Location: 7:00

VOD

Have the link to the VOD?

Description

Time

  • Played on: April 3, 2020, 6:09 a.m.
  • Length: 17:16
Show
View Real Time Build Order
Export as new Build Order

demuLarva Terran - Winner!

Build Orders:  

Get SALT Encoding   

  12  0:01  SCV  
  13  0:13  SCV  
  14  0:17  Supply Depot  
  14  0:25  SCV  
  15  0:29  Refinery  
  15  0:39  SCV  
  16  0:44  Barracks  
  16  0:51  SCV  
  16  0:55  Refinery  
  17  1:03  SCV  
  18  1:15  SCV  
  19  1:32  Orbital Command  
  19  1:33  Factory  
  19  1:35  Reaper  
  20  1:44  Supply Depot  
  20  1:58  SCV  
  21  2:07  Reaper  
  22  2:10  SCV  
  23  2:17  Hellion  
  23  2:22  SCV  
  26  2:28  Command Center  
  26  2:34  SCV  
  27  2:38  Starport  
  27  2:41  Barracks Reactor  
  27  2:46  SCV  
  27  2:48  Supply Depot  
  29  2:58  SCV  
  29  3:03  Factory Tech Lab  
  29  3:10  SCV  
  30  3:18  Marine x2  
  32  3:22  SCV  
  32  3:34  SCV  
  32  3:36  Marine x2  
  33  3:43  Orbital Command  
  33  3:46  SCV  
  33  3:48  Raven  
  33  3:49  Factory Tech Lab  
  35  3:57  Refinery  
  35  3:58  Marine x2  
  35  3:59  SCV  
  38  4:08  Cyclone  
  38  4:09  SCV  
  42  4:11  SCV  
  42  4:16  Marine x2  
  45  4:21  SCV  
  45  4:23  SCV  
  47  4:24  Supply Depot  
  47  4:31  Raven  
  47  4:33  Marine, SCV  
  47  4:34  Marine  
  47  4:35  SCV  
  53  4:45  SCV  
  53  4:46  Siege Tank, Supply Depot  
  53  4:47  SCV  
  53  4:51  Marine x2  
  53  4:52  Supply Depot  
  60  4:57  SCV  
  60  4:59  SCV  
  62  5:09  Command Center  
  62  5:10  SCV  
  62  5:11  SCV  
  64  5:18  Siege Tank  
  67  5:22  SCV, Viking  
  67  5:23  Refinery, SCV  
  67  5:25  Marine  
  67  5:27  Stimpack  
  72  5:34  SCV  
  73  5:36  SCV  
  73  5:39  Supply Depot  
  73  5:41  Viking  
  76  5:46  SCV  
  76  5:48  SCV  
  78  5:53  Supply Depot  
  78  6:01  Siege Tank, SCV x2, Viking  
  85  6:07  Marine  
  86  6:14  SCV x2, Viking  
  90  6:24  Orbital Command  
  90  6:26  Marine  
  90  6:27  Engineering Bay x2  
  90  6:29  SCV  
  90  6:31  Viking  
  94  6:33  Siege Tank  
  94  6:38  SCV  
  98  6:41  SCV  
  98  6:47  Orbital Command  
  99  6:48  Barracks  
  99  6:49  Barracks  
  99  6:50  SCV  
  99  6:53  SCV  
  101  6:55  Terran Infantry Weapons Level 1  
  101  6:56  Barracks  
  101  6:57  Barracks  
  101  7:03  Medivac  
  101  7:05  Marine  
  101  7:06  Combat Shield  
  101  7:07  Terran Infantry Armor Level 1  
  104  7:12  SCV x2  
  104  7:14  SCV  
  107  7:20  Supply Depot  
  107  7:23  Siege Tank  
  107  7:24  SCV x2  
  107  7:26  SCV  
  113  7:30  Refinery  
  113  7:33  Refinery  
  113  7:36  SCV x2  
  115  7:37  Medivac  
  115  7:41  Supply Depot x2  
  115  7:42  SCV  
  118  7:48  SCV x2  
  118  7:49  Barracks Reactor x3  
  118  7:50  Barracks Reactor  
  120  7:54  SCV  
  120  7:55  Factory  
  119  7:59  Sensor Tower  
  119  8:00  SCV x2  
  119  8:01  Siege Tank  
  119  8:03  Marine  
  125  8:06  SCV  
  125  8:10  Supply Depot  
  125  8:11  Supply Depot  
  127  8:12  SCV  
  127  8:13  SCV  
  127  8:18  Medivac x2  
  132  8:20  SCV  
  132  8:24  Supply Depot  
  132  8:25  SCV x2  
  135  8:30  Command Center  
  135  8:31  Marine  
  135  8:32  Marine x5  
  135  8:33  Marine  
  142  8:34  Siege Tank  
  142  8:38  Barracks Reactor  
  142  8:40  Supply Depot x2  
  142  8:41  Supply Depot  
  145  8:42  Armory  
  144  8:49  Missile Turret  
  144  8:51  Missile Turret  
  144  8:53  Marine x4  
  144  8:55  Marine x2  
  148  8:56  Viking  
  148  9:00  Supply Depot, SCV  
  148  9:01  SCV  
  154  9:05  Marine x2  
  156  9:12  Missile Turret x2  
  156  9:13  Missile Turret  
  156  9:17  Marine, Missile Turret  
  156  9:18  Marine  
  156  9:19  Missile Turret  
  156  9:21  Missile Turret  
  158  9:25  Marine x6  
  158  9:26  Marine  
  164  9:34  Marine  
  164  9:35  Marine  
  164  9:37  Marine  
  149  9:43  Marine x5  
  149  9:45  Marine  
  149  9:47  Marine  
  149  9:52  Marine  
  151  9:53  Marine  
  151  9:54  Marine  
  151  9:55  Terran Infantry Armor Level 2, Terran Infantry Weapons Level 2  
  151  9:56  Terran Vehicle Weapons Level 1  
  151  9:58  Siege Tank x2  
  157  10:01  Marine  
  157  10:05  Marine x2  
  157  10:06  Marine x2  
  157  10:07  Marine x2  
  157  10:09  Medivac x2  
  157  10:11  Marine x2  
  165  10:19  Marine x2  
  167  10:23  Marine x2  
  169  10:32  Marine x3  
  169  10:35  Marine x2  
  173  10:42  Marine x2  
  166  10:43  Marine x3  
  166  10:47  Siege Tank  
  166  10:48  Siege Tank, Medivac x2  
  152  10:50  Marine x3  
  152  10:53  Marine x2  
  143  10:59  Refinery  
  143  11:00  Marine x4  
  143  11:01  Marine  
  143  11:03  Planetary Fortress  
  148  11:08  Marine x3  
  148  11:10  Marine  
  148  11:11  Marine  
  153  11:12  Refinery  
  153  11:18  Marine x4  
  153  11:22  Siege Tank  
  153  11:23  Siege Tank  
  163  11:30  SCV x3  
  166  11:33  Marine x2  
  166  11:38  Marine x2, Viking  
  172  11:42  Sensor Tower, SCV x2  
  172  11:43  Marine x3, SCV  
  172  11:44  Marine x2  
  180  11:48  Marine  
  180  11:51  Marine  
  180  11:52  Viking  
  180  11:54  Marine  
  184  11:55  Siege Tank  
  184  11:56  Marine  
  184  12:00  Marine  
  184  12:01  Marine x3  
  189  12:02  Missile Turret  
  189  12:03  Marine  
  189  12:04  Marine  
  194  12:15  Marine x3  
  182  12:17  Marine  
  182  12:18  Marine  
  182  12:19  Siege Tank, Marine x2  
  191  12:27  Siege Tank  
  191  12:29  Marine x3  
  197  12:37  Marine x2  
  197  12:39  Marine x2  
  108  12:44  Orbital Command  
  164  12:56  Siege Tank, Viking x2  
  164  12:57  Marine x3  
  174  12:59  Siege Tank  
  174  13:05  Marine  
  169  13:21  Terran Infantry Weapons Level 3  
  169  13:32  Siege Tank x2  
  169  13:34  Marine x2  
  175  13:40  Terran Vehicle Weapons Level 2  
  177  13:47  Orbital Command  
  148  13:48  Marine  
  148  13:49  Marine x2  
  148  13:52  Marine x3  
  148  13:53  Marine  
  145  14:05  Marine x3  
  145  14:06  Siege Tank  
  151  14:16  Marine  
  151  14:17  Marine x3  
  152  14:18  Marine x2  
  152  14:22  Marine  
  152  14:23  Marine  
  159  14:26  Marine  
  160  14:35  Marine x2  
  162  14:39  Marine  
  162  14:40  Marine  
  162  14:41  Siege Tank  
  165  14:52  Marine x2  
  151  14:56  Siege Tank  
  156  15:00  Marine x5  
  159  15:13  Siege Tank  
  159  15:17  Marine x2  
  159  15:18  Marine x4  
  159  15:19  Medivac x2  
  169  15:23  Marine x2  
  169  15:28  Siege Tank  
  169  15:29  Marine  
  169  15:35  Marine x2  
  167  15:45  Siege Tank  
  167  15:46  Marine x2  
  164  16:00  Siege Tank  
  164  16:04  Marine x8  
  141  16:10  Marine  
  137  16:21  Marine  
  137  16:22  Marine x4  
  137  16:25  Marine  
  141  16:28  Marine  
  141  16:29  Factory Tech Lab, Medivac  
  141  16:30  Medivac  
  141  16:32  Siege Tank  
  149  16:36  Marine  
  149  16:37  Marine  
  149  16:39  Marine  
  139  16:42  Refinery  
  139  16:43  Refinery  
  139  16:45  Marine x2  
  141  16:51  Marine x3  
  144  16:57  Marine  
  144  16:58  Marine  
Show
View Real Time Build Order
Export as new Build Order

JEROS Terran 

Build Orders: Reaper Expand 

Get SALT Encoding   

  12  0:01  SCV  
  13  0:13  SCV  
  14  0:17  Supply Depot  
  14  0:25  SCV  
  15  0:39  SCV  
  15  0:40  Barracks  
  16  0:44  Refinery  
  16  0:51  SCV  
  17  1:03  SCV  
  18  1:15  SCV  
  19  1:28  Reaper, Orbital Command  
  20  1:38  Command Center  
  20  1:45  Supply Depot  
  20  1:54  SCV  
  21  2:00  Marine  
  22  2:06  SCV  
  22  2:07  Factory  
  23  2:13  Refinery  
  23  2:18  SCV  
  23  2:20  Bunker  
  24  2:23  Barracks Reactor  
  24  2:30  SCV  
  25  2:42  SCV  
  26  2:51  Orbital Command  
  26  2:52  Refinery  
  26  2:53  Factory Tech Lab  
  26  2:54  SCV  
  26  2:55  Starport  
  27  3:00  Marine x2  
  29  3:06  SCV  
  30  3:17  Cyclone  
  30  3:18  SCV, Marine  
  33  3:20  SCV  
  32  3:30  Marine  
  32  3:34  SCV  
  32  3:37  Marine  
  33  3:43  SCV  
  33  3:47  SCV  
  34  3:55  SCV  
  35  3:56  Marine x2  
  35  3:59  SCV, Factory Tech Lab  
  38  4:07  SCV  
  38  4:09  Supply Depot  
  39  4:10  Raven  
  39  4:11  SCV  
  44  4:19  SCV  
  44  4:22  Siege Tank  
  46  4:30  SCV  
  46  4:31  Command Center, SCV  
  47  4:35  Supply Depot  
  48  4:42  SCV, Marine x2  
  48  4:43  SCV  
  52  4:49  Supply Depot  
  52  4:53  Raven  
  52  4:57  SCV x2  
  56  5:01  Siege Tank  
  59  5:09  SCV x2  
  59  5:10  Marine x2  
  63  5:16  Supply Depot  
  63  5:17  Refinery  
  64  5:21  SCV x2  
  65  5:29  Supply Depot  
  65  5:33  Siege Tank, SCV x2  
  70  5:40  Engineering Bay  
  70  5:41  Stimpack, Engineering Bay  
  71  5:43  Orbital Command  
  71  5:45  SCV x2  
  72  5:50  Viking x2  
  76  5:57  SCV x2  
  76  6:01  Supply Depot  
  78  6:10  Terran Infantry Armor Level 1, Terran Infantry Weapons Level 1  
  78  6:11  SCV  
  78  6:12  SCV  
  78  6:16  Supply Depot  
  80  6:20  Orbital Command  
  80  6:23  Viking  
  80  6:24  Siege Tank, Viking  
  85  6:27  SCV x2  
  86  6:42  SCV  
  86  6:43  Barracks, SCV  
  86  6:44  Barracks  
  88  6:49  SCV  
  88  6:53  Supply Depot  
  89  6:56  SCV x2  
  91  7:02  SCV  
  91  7:03  Viking  
  91  7:08  SCV, Viking  
  95  7:12  SCV  
  95  7:14  SCV  
  99  7:16  Supply Depot  
  99  7:19  Sensor Tower  
  99  7:20  SCV  
  99  7:21  Siege Tank, Marine  
  99  7:22  Combat Shield  
  104  7:26  Armory  
  104  7:28  SCV x2  
  106  7:40  Barracks Reactor x2  
  106  7:41  Refinery x2  
  106  7:42  SCV x3  
  106  7:43  Supply Depot, Barracks  
  109  7:44  Barracks  
  108  7:52  Marine  
  108  7:54  SCV x3  
  108  7:55  Medivac x2  
  115  8:04  Supply Depot x2  
  115  8:06  Siege Tank, Supply Depot, SCV x2  
  115  8:10  SCV, Marine  
  122  8:15  Supply Depot  
  122  8:17  Supply Depot  
  122  8:20  Marine x2  
  122  8:21  Marine x2  
  122  8:26  Command Center  
  126  8:27  Marine  
  126  8:32  Barracks Reactor x2  
  127  8:35  Terran Infantry Weapons Level 2  
  127  8:38  Siege Tank, Marine x2  
  127  8:39  Terran Infantry Armor Level 2  
  132  8:44  Supply Depot  
  132  8:46  Terran Vehicle Weapons Level 1  
  132  8:49  Marine x2  
  133  8:56  Marine x2, Medivac  
  133  8:57  Medivac  
  138  9:04  Supply Depot  
  138  9:06  Barracks Reactor  
  138  9:07  Marine x2  
  138  9:09  Factory, Supply Depot  
  140  9:10  Marine  
  140  9:11  Marine x3  
  140  9:14  Siege Tank, Marine x2  
  140  9:16  SCV x3  
  152  9:23  Supply Depot  
  152  9:24  Marine  
  152  9:25  Marine  
  152  9:28  Marine x2  
  152  9:29  Viking x2  
  160  9:33  Marine  
  160  9:34  Marine x3  
  164  9:42  Marine x2  
  164  9:45  Starport  
  166  9:46  Starport, Marine  
  166  9:49  Marine x3  
  166  9:50  Siege Tank  
  166  9:51  Marine x3  
  176  9:58  Marine  
  177  10:00  Marine x2  
  177  10:04  SCV x3  
  177  10:05  Marine  
  183  10:07  Marine  
  183  10:11  Sensor Tower  
  183  10:14  Unknown  
  184  10:17  Viking x2  
  184  10:20  Marine, SCV x2  
  184  10:21  Marine x2  
  193  10:26  Marine x4  
  193  10:27  Starport Reactor x2  
  197  10:30  Planetary Fortress  
  170  10:52  Marine x3  
  170  10:53  Marine x6  
  170  10:54  Siege Tank, Marine  
  162  11:00  Siege Tank  
  165  11:10  Marine x2  
  167  11:12  Command Center  
  167  11:14  Terran Infantry Weapons Level 3, Command Center, Terran Ship Weapons Level 1  
  166  11:19  Terran Infantry Armor Level 3  
  165  11:26  Siege Tank  
  165  11:27  Viking x3  
  173  11:34  Medivac x2  
  177  11:44  Missile Turret  
  177  11:45  Missile Turret  
  177  11:46  Missile Turret  
  177  11:48  Siege Tank  
  180  11:54  Viking  
  180  11:57  Viking  
  180  11:58  Siege Tank  
  180  12:00  Fusion Core  
  186  12:01  Starport  
  186  12:03  Starport  
  183  12:13  Marine x3  
  183  12:14  Marine x3  
  166  12:17  Marine x4  
  166  12:18  Viking x3  
  166  12:20  Siege Tank  
  176  12:31  Marine x2  
  176  12:33  Marine  
  176  12:35  Siege Tank  
  162  12:38  Marine x3  
  162  12:42  Marine x4  
  150  12:49  Marine x2  
  150  12:51  Marine  
  145  12:52  Siege Tank  
  145  12:55  Marine  
  145  12:56  Marine x2  
  149  13:00  Marine x4  
  153  13:06  Marine  
  153  13:07  Siege Tank, Marine  
  148  13:14  Marine x4  
  148  13:17  Marine  
  152  13:25  Siege Tank  
  153  13:31  Marine  
  153  13:37  Marine  
  153  13:38  Marine x4  
  153  13:39  Siege Tank, Marine x3  
  153  13:40  Marine  
  140  13:49  Marine  
  140  13:55  Marine  
  139  14:07  Marine  
  139  14:08  Marine x3  
  140  14:10  Medivac  
  140  14:11  Medivac  
  144  14:27  Siege Tank  
  144  14:28  Siege Tank  
  150  14:44  Marine x5  
  146  14:54  Marine x2  
  148  15:17  Viking  
  148  15:20  Viking  
  94  16:04  Marine x5  
  94  16:05  Marine x2  
  84  16:15  Marine  
  84  16:16  Marine  
Tags
 
Add a new tag
Caveats
  • Supply blocks, unpowered buildings, or Contaminate may cause inaccurate times.
  • Supply counts are checked every 10 seconds.